 Dungeon Crawl Stone Soup version 0.28.0-45-g0d030f2227 (webtiles) character file.

Game seed: 9884047158032012462

14204 McKennaii the Fighter (level 11, -10/92 HPs)
             Began as a Demonspawn Fighter on Apr 7, 2022.
             Was a Believer of Sif Muna.
             Mangled by a skeletal warrior
             ... wielding a +0 mace of venom
              (18 damage)
             ... on level 10 of the Dungeon.
             The game lasted 00:22:08 (13530 turns).

McKennaii the Fighter (Demonspawn Fighter)         Turns: 13530, Time: 00:22:09

Health: -10/92     AC: 17    Str: 18    XL:     11   Next: 85%
Magic:  23/23      EV: 10    Int: 19    God:    Sif Muna [**....]
Gold:   502        SH:  5    Dex: 12    Spells: 26/26 levels left

rFire   + . .      SeeInvis .   x - +10 mace of Zagapew {elec, rF+}
rCold   + . .      Faith    .   c - +0 buckler
rNeg    . . .      Spirit   .   g - +4 ring mail {Will+}
rPois   .          Reflect  .   (helmet restricted)
rElec   .          Harm     .   A - +0 cloak
rCorr   .          Rampage  .   m - +2 pair of gloves
Will    +....                   f - +0 pair of boots
Stlth   +.........              (no amulet)
HPRegen 0.25/turn               b - +4 ring of slaying
MPRegen 0.18/turn               h - ring of protection from cold

@: no status effects
A: antennae 1, foul stench 1, powered by death 2, big brain 3
a: Renounce Religion, Channel Magic


You were on level 10 of the Dungeon.
You worshipped Sif Muna.
Sif Muna was pleased with you.
You visited 2 branches of the dungeon, and saw 11 of its levels.
You also visited: Ossuary.

You collected 502 gold pieces.

Inventory:

Hand Weapons
 a - a +0 trident
 x - the +10 mace of Zagapew (weapon) {elec, rF+}
   (You found it on level 5 of the Dungeon)

   It occasionally discharges a powerful burst of electricity upon striking a
   foe.
   rF:        It protects you from fire.
Armour
 c - a +0 buckler (worn)
 f - a +0 pair of boots (worn)
 g - a +4 ring mail of willpower (worn)
 m - a +2 pair of gloves (worn)
 A - a +0 cloak (worn)
Jewellery
 b - a +4 ring of slaying (left hand)
 h - a ring of protection from cold (right hand)
 j - a ring of resist corrosion
 C - a ring of positive energy
Wands
 e - a wand of flame (13)
 F - a wand of polymorph (3)
Scrolls
 k - 3 scrolls of fear
 q - 2 scrolls of fog
 s - 2 scrolls of amnesia {unknown}
 u - a scroll of immolation {unknown}
 y - a scroll of brand weapon {unknown}
 B - a scroll of torment {unknown}
 G - a scroll of magic mapping {unknown}
 H - a scroll of blinking {unknown}
Potions
 d - 2 potions of might
 l - 2 potions of curing
 n - 2 potions of mutation
 o - 2 potions of ambrosia
 p - 3 potions of brilliance {unknown}
 r - a potion of berserk rage {unknown}
 t - a potion of lignification {unknown}
 w - 2 potions of haste {unknown}
 z - 2 potions of degeneration {unknown}
 D - 3 potions of attraction
 I - a potion of cancellation {unknown}


   Skills:
 + Level 10.6 Fighting
 - Level 4.0 Polearms
 + Level 9.6 Armour
 - Level 5.5 Shields
 + Level 8.3 Spellcasting
 - Level 9.0 Invocations


You had 26 spell levels left.
You didn't know any spells.
Your spell library contained the following spells:

 Spells                   Type           Power      Damage    Failure   Level
 Blink                    Tloc           14%        N/A       11%         2
 Lesser Beckoning         Tloc           7%         N/A       21%         3
 Cause Fear               Hex            3%         N/A       54%         4
 Hailstorm                Conj/Ice       7%         3d4       54%         4
 Ice Form                 Ice/Tmut       7%         N/A       54%         4
 Passage of Golubria      Tloc           7%         N/A       54%         4
 Petrify                  Tmut/Erth      7%         N/A       54%         4
 Manifold Assault         Tloc           7%         N/A       86%         5
 Metabolic Englaciation   Hex/Ice        3%         N/A       86%         5
 Silence                  Hex/Air        3%         N/A       86%         5
 Simulacrum               Ice/Necr       3%         N/A       100%        6
 Statue Form              Tmut/Erth      4%         N/A       100%        6
 Dragon Form              Tmut           3%         N/A       100%        7
 Lehudib's Crystal Spear  Conj/Erth      3%         10d3      100%        8
 Dragon's Call            Summ           3%         N/A       100%        9


Dungeon Overview and Level Annotations

Branches:
Dungeon (10/15)            Temple (1/1) D:6            Lair (0/6) D:10
Ossuary (visited)
    Orc: D:9-12

Altars:
Ashenzari
Cheibriados
Dithmenos
Elyvilon
Gozag
Hepliaklqana
Kikubaaqudgha
Makhleb
Nemelex Xobeh
Okawaru
Qazlal
Ru
Sif Muna
Trog
Uskayaw
Vehumet
Wu Jian
Xom
Yredelemnul
Zin
The Shining One


Innate Abilities, Weirdness & Mutations

You have a pair of small antennae on your head.
You may rarely emit foul miasma when damaged in melee.
You regenerate health from kills.
You have an absolutely massive brain. (Int +6, Wiz)


Message History

You are too injured to fight recklessly!
Unknown command.
You barely miss the skeletal warrior.
The skeletal warrior is almost destroyed.
You feel very sick.
You block the skeletal warrior's attack.
Unknown command.
You completely miss the skeletal warrior.
The skeletal warrior is almost destroyed.
You feel very sick.
The skeletal warrior hits you but does no damage.
The skeletal warrior hits you with a +0 mace of venom.
* * * LOW HITPOINT WARNING * * *
You are more poisoned.
You feel very sick.
You feel very sick.
Hit: x) +10 mace of Zagapew {elec, rF+}
Press: ? - help, Dir - move target, f - skeletal warrior
Aim: a skeletal warrior, wielding a +0 mace of venom (almost destroyed, about 25% to evade the +10 mace of Zagapew)
Okay, then.
You feel very sick.
You feel sick.
Okay, then.
You feel sick.
Things that are here:
a +0 troll leather armour; a troll corpse You feel sick.
You feel sick.
You feel sick.
The skeletal warrior hits you but does no damage.
There is an open door here.
You feel sick.
You feel sick.
You feel sick.
You are no longer poisoned.
Okay, then.
As you read the scroll of fog, it crumbles to dust.
The scroll dissolves into smoke.
The skeletal warrior hits you with a +0 mace of venom!!
You die...

...........................#.....
#######..≈≈≈≈≈≈≈≈≈≈≈≈≈≈...##.....
....#......≈≈≈≈≈≈≈≈≈≈≈≈...#.#####
###.#.####≈≈≈≈≈≈≈≈≈≈≈≈≈..##.#)..#
#.#<..≈≈≈≈≈≈≈≈≈≈≈≈≈..#..###.#
#.#..≈≈≈≈≈≈≈≈≈≈≈≈...##.....†#
#.#>.≈≈≈≈≈§§§≈≈...#####...###
#.#≈≈≈≈≈≈≈§§§§..###..#.......
#.≈≈≈≈≈≈≈≈≈z@§###.##.#.######
#≈≈≈≈≈≈≈≈..§###....#.#(#{ {{
##≈≈≈≈≈...###......#.#.#
###≈≈..##'..[.##....#.#
##.....###......#...#
#.###...###....#...# c. ....
..#.Q.###.##...# #'## ###.###.#
Q.. ###..#..z..z. #. #. .≈
#########..


You could see a skeletal warrior.

Vanquished Creatures
  A centaur warrior (D:10)
  2 two-headed ogres
  A tengu warrior (D:10)
  A wolf spider zombie (D:9)
  A deep elf pyromancer (D:10)
  A manticore (D:10)
  A gargoyle (D:10)
  An unseen horror (D:10)
  3 hellwings (D:9)
  2 tengu conjurers
  3 trolls
  12 yaks
  3 wyverns
  A wraith (Ossuary)
  3 steam dragons
  Menkaure (D:7)
  Edmund (D:3)
  An acid dragon (D:10)
  2 ice beasts
  2 sky beasts
  2 black bears
  2 orc warriors
  3 necrophages
  An ogre (D:6)
  2 centaurs
  A phantom (D:4)
  4 kobold brigands
  3 bullfrogs (D:7)
  A wyvern zombie (D:6)
  2 scorpions (D:4)
  6 killer bees (D:9)
  8 wights
  2 howler monkeys
  An electric eel (D:6)
  7 centaur zombies
  2 hounds
  4 centaur skeletons
  A jelly (D:5)
  2 human zombies (Ossuary)
  3 orc priests
  A gnoll shaman (D:8)
  A bullfrog skeleton (D:7)
  4 iguanas
  2 orc wizards (D:8)
  A killer bee zombie (D:9)
  3 mummies (Ossuary)
  2 howler monkey zombies (D:9)
  Robin (D:3)
  11 gnolls
  11 adders
  3 shadow imps
  An ufetubus (D:6)
  2 worms
  3 dart slugs
  9 orcs
  7 endoplasms
  6 giant cockroaches
  12 goblins
  6 hobgoblins
  2 jackals (D:4)
  4 quokkas
  8 ball pythons
  4 bats
  3 frilled lizards (D:1)
  3 goblin zombies (Ossuary)
  A hobgoblin zombie (Ossuary)
  21 kobolds
  5 kobold zombies (Ossuary)
  4 rats
241 creatures vanquished.

Vanquished Creatures (others)
  A black bear (D:6)
  2 plants (D:10)
3 creatures vanquished.

Grand Total: 244 creatures vanquished

Notes
Turn   | Place    | Note
-------+----------+-------------------------------------------
     0 | D:1      | McKennaii the Demonspawn Fighter began the quest for the
                  | Orb.
     0 | D:1      | Reached XP level 1. HP: 18/18 MP: 1/1
   345 | D:1      | Gained mutation: You have a pair of small antennae on your
                  | head. [demonic ancestry]
   345 | D:1      | Reached XP level 2. HP: 24/24 MP: 2/2
   746 | D:2      | Gained mutation: You have an unusually large brain. (Int
                  | +2) [demonic ancestry]
   746 | D:2      | Reached XP level 3. HP: 29/29 MP: 3/3
  1126 | D:2      | Reached XP level 4. HP: 36/36 MP: 4/4
  1209 | D:2      | Found a faded altar of an unknown god.
  1342 | D:3      | Noticed Robin
  1546 | D:3      | Killed Robin
  1682 | D:3      | Noticed a sky beast
  2162 | D:2      | Killed a sky beast
  2163 | D:2      | Reached skill level 4 in Fighting
  2163 | D:2      | Gained mutation: You regenerate a little health from kills.
                  | [demonic ancestry]
  2163 | D:2      | Reached XP level 5. HP: 24/42 MP: 5/5
  2939 | D:3      | Gained mutation: You may rarely emit foul miasma when
                  | damaged in melee. [demonic ancestry]
  2939 | D:3      | Reached XP level 6. HP: 33/48 MP: 6/6
  3126 | D:4      | Noticed Edmund
  3340 | D:3      | Killed Edmund
  3600 | D:4      | Reached XP level 7. HP: 37/55 MP: 7/7
  4125 | D:4      | Reached skill level 5 in Fighting
  4703 | D:5      | Entered Level 5 of the Dungeon
  4781 | D:5      | Found a sand-covered staircase.
  4791 | Ossuary  | Entered an ossuary
  4791 | Ossuary  | Noticed a wraith
  4791 | Ossuary  | Noticed a wraith
  4791 | Ossuary  | Noticed a wraith
  4856 | Ossuary  | Noticed a wraith
  4870 | Ossuary  | Killed a wraith
  4871 | Ossuary  | Reached skill level 1 in Spellcasting
  5085 | Ossuary  | Reached skill level 5 in Armour
  5085 | Ossuary  | Reached skill level 5 in Shields
  5085 | Ossuary  | Gained mutation: You have an extremely huge brain. (Int +4)
                  | [demonic ancestry]
  5085 | Ossuary  | Reached XP level 8. HP: 57/63 MP: 10/10
  5478 | D:5      | Identified the +10 mace of Zagapew {elec, rF+}
  5887 | D:6      | Found a staircase to the Ecumenical Temple.
  6065 | D:5      | Reached skill level 6 in Fighting
  6520 | Temple   | Entered the Ecumenical Temple
  6575 | Temple   | Became a worshipper of Sif Muna the Loreminder
  6671 | D:6      | Found an ancient bone altar of Kikubaaqudgha.
  6828 | D:6      | Noticed a troll
  6840 | D:6      | Killed a troll
  7100 | D:6      | Gained mutation: You regenerate health from kills. [demonic
                  | ancestry]
  7100 | D:6      | Reached XP level 9. HP: 66/71 MP: 14/14
  7133 | D:6      | Found a snail-covered altar of Cheibriados.
  7773 | D:7      | Found a bloodstained altar of Trog.
  8011 | D:7      | Reached skill level 7 in Fighting
  8092 | D:7      | Noticed Menkaure
  8100 | D:7      | Killed Menkaure
  8632 | D:8      | Reached skill level 5 in Invocations
  8830 | D:8      | Reached skill level 5 in Spellcasting
  8843 | D:8      | Reached * piety under Sif Muna
  8905 | D:8      | Gained mutation: You have an absolutely massive brain. (Int
                  | +6, Wiz) [demonic ancestry]
  8905 | D:8      | Reached XP level 10. HP: 78/80 MP: 17/17
  8953 | D:8      | Reached skill level 8 in Fighting
  9385 | D:9      | Noticed a two-headed ogre
  9923 | D:9      | Found a hide-covered altar of Uskayaw.
  9926 | D:9      | Found a basalt altar of Yredelemnul.
  9927 | D:9      | Found a sacrificial altar of Ru.
  9989 | D:9      | Reached ** piety under Sif Muna
 10179 | D:9      | You fall into a shaft and drop 1 floor!
 10179 | D:10     | Entered Level 10 of the Dungeon
 10488 | D:9      | Reached skill level 9 in Fighting
 10597 | D:9      | Found an opulent altar of Gozag.
 11053 | D:9      | Reached XP level 11. HP: 86/89 MP: 21/21
 11460 | D:9      | Found the +4 Cigotuvi's embrace {rMiasma Drain rN+}
 11505 | D:10     | Found a stormy altar of Qazlal.
 11666 | D:10     | Found a staircase to the Lair.
 12443 | D:10     | Noticed a two-headed ogre
 12443 | D:10     | Noticed a two-headed ogre
 12503 | D:9      | Killed a two-headed ogre
 12504 | D:9      | Reached skill level 10 in Fighting
 12741 | D:10     | Noticed a deep elf pyromancer
 12747 | D:10     | Killed a deep elf pyromancer
 12754 | D:10     | Noticed a tengu warrior
 12762 | D:10     | Killed a tengu warrior
 12919 | D:10     | Identified the +7 flail "Oczezurgh" {holy, +Blink rF+
                  | Str+2}
 12919 | D:10     | Noticed a centaur warrior
 12935 | D:10     | Killed a centaur warrior
 12997 | D:10     | Noticed an ogre mage
 13267 | D:10     | Noticed a two-headed ogre
 13276 | D:10     | Killed a two-headed ogre
 13503 | D:10     | Noticed a skeletal warrior
 13530 | D:10     | Mangled by a skeletal warrior

Illustrated notes

Levels and vault maps discovered:
D:1:      nzn_arrival_water_spiral, layout_rooms, grunt_decor_fettered
D:2:      layout_rooms, shapermc_ecumenical_altar_hornbeckon,
          palyth_stone_intersect, minmay_tromino_i2
D:3:      layout_basic, uniq_robin
D:4:      layout_loops_cross, kennysheep_big_empty_room, uniq_edmund
D:5:      layout_basic, nicolae_ossuary_entry_monument, serial_glass,
          glass_columns_b, glass_columns_c, glass_columns_a, glass_columns_c,
          glass_columns_a, glass_columns_b
D:6:      layout_loops_ring, lemuel_coloured_pillars_altar,
          nicolae_kikubaaqudgha_miasma_corner, minmay_temple_entry_proselytizer,
          ebering_dispersal_statue_hall, water_boxes_lemuel
D:7:      layout_cave_pools, trog_three_pillars_becter, hangedman_decor_lopped,
          st_stairs_5, uniq_menkaure
D:8:      layout_rooms
D:9:      layout_rooms, general_overflow_altar, grunt_temple_overflow_open,
          zin_statuary, hellmonk_guarded_unrand_cigotuvi
D:10:     minmay_the_grid_four_pointed_star
          [minmay_the_grid_triangle_9x9_intruding_spiral,
          minmay_the_grid_triangle_9x9_dagger,
          minmay_the_grid_triangle_9x9_sparse_checkered,
          minmay_the_grid_triangle_9x9_thin_v,
          minmay_the_grid_prize_shrinking_boxes], layout_basic,
          nicolae_qazlal_general_emergency, fedhas_ov_isle_minmay,
          lair_entry_dummy
Temple:   minmay_temple_bridge_abc

Skill      XL: |  1  2  3  4  5  6  7  8  9 10 11 |
---------------+----------------------------------+-----
Polearms       | 2 3 4 |  4.0
Armour         | 3 4 5 6 7 8 9 |  9.6
Shields        | 3 4 5 |  5.5
Fighting       | 4 5 6 7 9 10 | 10.6
Spellcasting   | 1 3 5 6 8 |  8.3
Invocations    | 2 6 8 9 |  9.0

Action                   |  1- 3 |  4- 6 |  7- 9 | 10-12 || total
-------------------------+-------+-------+-------+-------++-------
Melee: Trident           |   122 |   177 |   428 |       ||   727
       Mace              |       |       |    24 |   281 ||   305
Evoke: Wand              |       |       |       |    16 ||    16
  Use: Potion            |       |     1 |       |     3 ||     4
       Scroll            |       |     4 |     3 |     7 ||    14
Armor: Scale mail        |    49 |    54 |       |       ||   103
       Ring mail         |       |    21 |   213 |   255 ||   489
Dodge: Dodged            |    56 |    79 |   170 |   193 ||   498
Block: Buckler           |    29 |    33 |   100 |    84 ||   246
